 Dungeon Crawl Stone Soup version 0.30.1-11-g7821555f0a (webtiles) character file.

Game seed: 9651080656669663463

27 Astivus the Twirler (level 2, -1/24 HPs)
             Began as a Draconian Gladiator on Nov 28, 2023.
             Slain by a gnoll
             ... wielding a +0 whip
              (3 damage)
             ... on level 2 of the Dungeon.
             The game lasted 00:02:08 (395 turns).

Astivus the Twirler (Draconian Gladiator)            Turns: 395, Time: 00:02:08

Health: -1/24      AC:  4    Str: 16    XL:     2   Next: 93%
Magic:  2/2        EV: 12    Int:  8    God:
Gold:   4          SH:  0    Dex: 12    Spells: 2/2 levels left

rFire   . . .        a - +0 quarterstaff
rCold   . . .        (shield currently unavailable)
rNeg    . . .        (body armour unavailable)
rPois   .            b - +0 hat
rElec   .            (no cloak)
rCorr   .            (no gloves)
SInv    .            (no boots)
Will    .....        (no amulet)
Stlth   +            (no ring)
HPRegen 0.24/turn    (no ring)
MPRegen 0.08/turn

%: no passive effects
@: no status effects
A: AC +4, unfitting armour, cold-blooded
a: no special abilities


You were on level 2 of the Dungeon.
You visited 1 branch of the dungeon, and saw 2 of its levels.

You collected 4 gold pieces.

Inventory:

Hand Weapons
 a - a +0 quarterstaff (weapon)
Missiles
 c - 3 throwing nets (quivered)
Armour
 b - a +0 hat (worn)
Potions
 e - 2 potions of might {unknown}


   Skills:
 * Level 2.3 Fighting
 * Level 0.6(2.2) Polearms
 * Level 3.3(3.4) Staves
 * Level 1.9 Throwing
 * Level 3.0 Dodging
 * Level 0.4 Stealth
 * Level 0.5 Spellcasting


You had 2 spell levels left.
You didn't know any spells.
Your spell library was empty.

Dungeon Overview and Level Annotations

Branches:
Dungeon (2/15)

Altars:

Shops:
D:2 *


Innate Abilities, Weirdness & Mutations

Your plain brown scales are hard. (AC +4)
You cannot fit into any form of body armour.
You are cold-blooded and may be slowed by cold attacks.


Message History

A bat comes into view.
A gnoll comes into view. It is wielding a +0 spear.
The bat completely misses you. The bat hits you but does no damage.
You miss the bat.
Your tail-slap misses the bat.
The bat hits you but does no damage.
Throw: javelin
Press: ? - help, Q - select action, (/) - cycle Shift-Dir - straight line, f - bat
Aim: a bat (42% to hit)
You throw a javelin. The javelin pierces through the bat!
You kill the bat!
The javelin pierces through the gnoll.
The gnoll is heavily wounded.
The javelin pierces through the gnoll!
The gnoll is severely wounded.
The gnoll hits you with a +0 club.
You closely miss the gnoll.
The gnoll is heavily wounded.
The gnoll closely misses you. The gnoll hits you with a +0 club.
You hit the gnoll. You tail-slap the gnoll.
You kill the gnoll!
Your Dodging skill increases to level 3!
You barely miss the gnoll.
The gnoll is severely wounded.
The gnoll hits you from afar with a +0 spear.
The gnoll hits you with a +0 whip.
You hit the gnoll but do no damage.
The gnoll is severely wounded.
The gnoll closely misses you.
The gnoll hits you from afar with a +0 spear.
* * * LOW HITPOINT WARNING * * *
You closely miss the gnoll.
The gnoll is severely wounded.
The gnoll closely misses you.
The gnoll hits you from afar with a +0 spear.
* * * LOW HITPOINT WARNING * * *
You aren't carrying any scrolls.
Unknown command.
The gnoll attacks as you move away! The gnoll hits you but does no damage.
The gnoll attacks as you move away! The gnoll hits you with a +0 whip.
You die...

#### #.. #<#
#.####################
......#.....#...##...
##...©#©.∩.©#©...#.#
##...#.....#...@g.##
################..#
##g# #)# #†# #.# # #.#
# ... + ...


You could see 2 gnolls.

Vanquished Creatures
  A gnoll (D:2)
  A dart slug (D:1)
  A ball python (D:2)
  2 bats (D:2)
  An endoplasm (D:1)
  A giant cockroach (D:1)
  A goblin (D:1)
  4 jackals (D:1)
  A kobold (D:1)
  A rat (D:2)
14 creatures vanquished.

Notes
Turn   | Place    | Note
-------+----------+-------------------------------------------
     0 | D:1      | Astivus the Draconian Gladiator began the quest for the
                  | Orb.
     0 | D:1      | Reached XP level 1. HP: 17/17 MP: 1/1
   176 | D:1      | Reached XP level 2. HP: 11/24 MP: 2/2
   350 | D:2      | Found a transporter.
   354 | D:2      | Found Viohoack's General Store.
   357 | D:2      | Found a transporter.
   391 | D:2      | HP: 1/24 [gnoll/+0 spear (3)]
   395 | D:2      | Slain by a gnoll

Illustrated notes

Levels and vault maps discovered:
D:1:      dpeg_arrival_prison, layout_loops_cross, serial_shops, shop
D:2:      layout_loops_corners, serial_shops, nicolae_shop_drivethru,
          basic_altar, dk_noncrumbling_2, minmay_misc_feat_nine_boxes,
          minmay_stone_trees_small, minmay_lizard_pond

Skill      XL: |  1  2 |
---------------+-------+-----
Dodging        | 3 |  3.0
Fighting       | |  2.3
Polearms       | |  0.6
Staves         | |  3.3
Throwing       | |  1.9
Stealth        | |  0.4
Spellcasting   | |  0.5

Action                     || total
---------------------------++-------
  Melee: Quarterstaff      ||    40
         Tailslap          ||     3
  Throw: Javelin           ||     3
   Stab: Sleeping          ||     1
 Armour: Skin              ||    18
  Dodge: Dodged            ||    53
